 Dungeon Crawl Stone Soup version 0.30.1-1-g62c8e00024 (webtiles) character file.

Game seed: 3165283619261755223

15 Gorgoleon the Ducker (level 2, -4/22 HPs)
             Began as a Merfolk Gladiator on July 17, 2023.
             Slain by Natasha (8 damage)
             ... on level 2 of the Dungeon.
             The game lasted 00:02:04 (1035 turns).

Gorgoleon the Ducker (Merfolk Gladiator)            Turns: 1035, Time: 00:02:04

Health: -4/22      AC:  4    Str: 14    XL:     2   Next: 50%
Magic:  2/2        EV: 13    Int:  7    God:
Gold:   62         SH:  0    Dex: 15    Spells: 1/1 levels left

rFire   . . .        a - +0 long sword
rCold   . . .        (no shield)
rNeg    . . .        b - +0 leather armour
rPois   .            c - +0 helmet
rElec   .            (no cloak)
rCorr   .            (no gloves)
SInv    .            (no boots)
Will    .....        (no amulet)
Stlth   +            (no ring)
HPRegen 0.23/turn    (no ring)
MPRegen 0.08/turn

%: no passive effects
@: slowed, very slow
A: (nimble swimmer 2), mertail
a: no special abilities


You were on level 2 of the Dungeon.
You visited 1 branch of the dungeon, and saw 2 of its levels.

You collected 62 gold pieces.

Inventory:

Hand Weapons
 a - a +0 long sword (weapon)
Missiles
 d - 3 throwing nets
 e - a javelin
 f - 46 stones (quivered)
Armour
 b - a +0 leather armour (worn)
 c - a +0 helmet (worn)
Scrolls
 g - a scroll of teleportation {unknown}
 i - a scroll of fear {unknown}
Potions
 h - 2 potions of curing {unknown}


   Skills:
 + Level 2.3 Fighting
 + Level 3.8 Long Blades
 - Level 2.0 Throwing
 * Level 0.6 Armour
 * Level 4.4 Dodging


You had one spell level left.
You didn't know any spells.
Your spell library was empty.

Dungeon Overview and Level Annotations

Branches:
Dungeon (2/15)

Altars:

Annotations:
D:2 Natasha


Innate Abilities, Weirdness & Mutations

((You are very nimble when in or above water. (Stealth+, EV+, Speed+++)))
Your lower body shifts to a powerful aquatic tail in water.


Message History

You hit Natasha.
Natasha is severely wounded.
Natasha mumbles some strange words.
Natasha glows brightly for a moment.
Natasha claws you but does no damage.
You closely miss Natasha.
Natasha is severely wounded.
Natasha claws you.
You barely miss Natasha.
Natasha is severely wounded.
Natasha closely misses you. Natasha misses you.
You hit Natasha.
Natasha is severely wounded.
Natasha stares at you and mumbles some strange words.
You feel yourself slow down.
You completely miss Natasha.
Natasha is severely wounded.
Natasha casts a spell at you. The magic dart hits you!
Natasha closely misses you.
You barely miss Natasha.
Natasha is severely wounded.
Natasha howls an incantation.
Natasha's front paws start to glow.
Natasha claws you.
Natasha mumbles some strange words.
Natasha's front paws start to glow.
Natasha stares at you and mumbles some strange words.
The magic dart hits you.
* * * LOW HITPOINT WARNING * * *
You hit Natasha but do no damage.
Natasha is severely wounded.
Natasha closely misses you.
You hit Natasha.
Natasha is almost dead.
Natasha barely misses you. Natasha claws you.
* * * LOW HITPOINT WARNING * * *
You hit Natasha but do no damage.
Natasha is almost dead.
Natasha claws you!
You die...

.. ###+###.####.#
#.....#.... .# #......
..##.#
####.....###..#.#
#........##...#.#
#........##...#.######
#............†#h......
#........##.#.@....#
########.##.#.........
########.##.#.####.##.
...............># #
#######...[...#.# ##
#...........# .# #
#.#.#######.###.#.#
#.#......†........# #
##.#.##.......###


You could see Natasha.

Vanquished Creatures
  An endoplasm (D:1)
  A goblin (D:1)
  A hobgoblin (D:1)
  2 quokkas
  5 ball pythons (D:1)
  A bat (D:2)
  A frilled lizard (D:1)
  4 rats (D:1)
16 creatures vanquished.

Notes
Turn   | Place    | Note
-------+----------+-------------------------------------------
     0 | D:1      | Gorgoleon the Merfolk Gladiator began the quest for the
                  | Orb.
     0 | D:1      | Reached XP level 1. HP: 16/16 MP: 1/1
   420 | D:1      | Reached XP level 2. HP: 22/22 MP: 2/2
  1022 | D:2      | Noticed Natasha
  1035 | D:2      | Slain by Natasha

Illustrated notes

Levels and vault maps discovered:
D:1:      minmay_arrival_shattered_statue, layout_loops_corners
D:2:      minmay_spotlight, layout_basic, uniq_natasha, uniq_jessica

Action                     || total
---------------------------++-------
  Melee: Long sword        ||    57
 Armour: Leather armour    ||    14
  Dodge: Dodged            ||    35
